 Dungeon Crawl Stone Soup version 0.23-a0-484-g29ba69c (webtiles) character file.

162 XanderDroid the Skirmisher (level 5, -2/47 HPs)
             Began as a Gnoll Wanderer on Nov 30, 2018.
             Slain by an orc
             ... wielding a +0 hand axe
              (3 damage)
             ... on level 2 of the Dungeon.
             The game lasted 00:06:18 (2093 turns).

XanderDroid the Skirmisher (Gnoll Wanderer)         Turns: 2093, Time: 00:06:19

Health: -2/47      AC: 10    Str: 18    XL:     5   Next: 43%
Magic:  7/7        EV: 11    Int: 16    God:
Gold:   162        SH:  0    Dex: 14    Spells: 5/6 levels left

rFire    . . .     SeeInvis .   a - +0 spear (curse)
rCold    . . .     Gourm    .   (no shield)
rNeg     . . .     Faith    .   l - +2 scale mail
rPois    .         Spirit   .   f - +0 helmet (curse)
rElec    .         Reflect  .   (no cloak)
rCorr    .         Harm     .   (no gloves)
MR       .....                  (no boots)
Stlth    ..........             (no amulet)
HPRegen  0.15/turn              o - +4 ring of intelligence
MPRegen  0.10/turn              (no ring)

@: very slightly contaminated, invisible
A: distributed training, fangs 1, strong nose
a: no special abilities


You were on level 2 of the Dungeon.
You were not hungry.

You visited 1 branch of the dungeon, and saw 3 of its levels.

You collected 162 gold pieces.

Inventory:

Hand Weapons
 a - a cursed +0 spear (weapon)
 b - a +0 short sword
Armour
 f - a cursed +0 helmet (worn)
 l - a +2 scale mail (worn)
Jewellery
 o - a +4 ring of intelligence (left hand)
Scrolls
 e - a scroll of identify {unknown}
 g - a scroll of enchant armour {unknown}
 i - 2 scrolls of immolation {unknown}
 q - 3 scrolls of teleportation {unknown}
 s - a scroll of magic mapping {unknown}
Potions
 c - a potion of invisibility
 h - a potion of ambrosia {unknown}
 j - a potion of flight {unknown}
 k - a potion of cancellation {unknown}
 m - a potion of heal wounds {unknown}
 n - a potion of lignification {unknown}
 p - a potion of haste {unknown}
Comestibles
 d - 2 rations
 r - 4 chunks of flesh


   Skills:
 + Level 6.7 Fighting
 + Level 1.4 Short Blades
 + Level 3.0 Long Blades
 + Level 3.0 Axes
 + Level 1.4 Maces & Flails
 + Level 1.4 Polearms
 + Level 1.4 Staves
 + Level 1.4 Slings
 + Level 1.4 Bows
 + Level 1.4 Crossbows
 + Level 1.4 Throwing
 + Level 4.8 Armour
 + Level 3.0 Dodging
 + Level 1.4 Stealth
 + Level 3.0 Shields
 + Level 1.4 Unarmed Combat
 + Level 1.4 Spellcasting
 + Level 1.1 Conjurations
 + Level 1.1 Hexes
 + Level 1.1 Charms
 + Level 1.1 Summonings
 + Level 1.1 Necromancy
 + Level 1.1 Translocations
 + Level 1.1 Transmutations
 + Level 1.1 Fire Magic
 + Level 1.1 Ice Magic
 + Level 1.1 Air Magic
 + Level 1.1 Earth Magic
 + Level 1.1 Poison Magic
 + Level 1.6 Invocations
 + Level 3.0 Evocations


You had 5 spell levels left.
You knew the following spells:

 Your Spells              Type           Power        Failure   Level  Hunger
a - Confusing Touch       Hex            #.....       38%         1    ##.....

Your spell library contained the following spells:

 Spells                   Type           Power        Failure   Level  Hunger
 Confuse                  Hex            #.......     77%         3    ####...
 Gell's Gravitas          Tloc           #.........   77%         3    ####...
 Petrify                  Tmut/Erth      #.......     99%         4    #####..
 Metabolic Englaciation   Hex/Ice        #.........   100%        5    ######.
 Yara's Violent Unravell  Hex/Tmut       #.........   100%        5    ######.


Dungeon Overview and Level Annotations

Branches:
Dungeon (3/15)

Altars:
Hepliaklqana


Innate Abilities, Weirdness & Mutations

Your experience applies equally to all skills.
You have very sharp teeth.
Your uncanny sense of smell can sniff out nearby items.


Message History

The orc closely misses you. The orc misses you.
You are very lightly contaminated with residual magic.
You miss the orc wizard.
The orc wizard is moderately wounded.
The orc barely misses you. The orc wizard closely misses you.
The orc barely misses you. x2
You barely miss the orc wizard.
The orc wizard is moderately wounded.
The orc barely misses you.
The orc wizard hits you but does no damage.
The orc misses you. The orc hits you but does no damage.
You hit the orc wizard but do no damage.
The orc wizard is moderately wounded.
The orc wizard barely misses you. The orc barely misses you.
The orc hits you but does no damage. The orc barely misses you.
You hit the orc wizard. Your bite misses the orc wizard.
The orc wizard is moderately wounded.
The orc wizard hits you but does no damage.
The orc hits you with a +0 hand axe.
You die...

#.##.....##..####.#####..##....
#.#.......#.........[..........
#(#.......#..#########.####....
##....._.......# #.........)
#..#.......#.#[#######..#####..)
#..#.......#............# ####
#..##.(...##.#.########.# #
#..####.####..o########.## #
#............oo@o........# #
#.##.#........#########..# #
#....#######......# #..# #
####.# ######.#####..#######
#.########## #..........)...(
#..........# ####.###########
##########.# #.# #.# #.# #.# #.#


You could see an orc wizard and 3 orcs.

Vanquished Creatures
  An orc wizard (D:2)
  5 adders (D:2)
  4 oozes (D:1)
  2 worms (D:2)
  2 dart slugs
  2 leopard geckos (D:2)
  2 orcs (D:2)
  3 giant cockroaches
  6 goblins
  7 hobgoblins
  3 jackals (D:2)
  4 kobolds
  5 ball pythons
  7 bats
  4 frilled lizards
  11 rats (D:1)
68 creatures vanquished.

Notes
Turn   | Place    | Note
-------+----------+-------------------------------------------
     0 | D:1      | XanderDroid the Gnoll Wanderer began the quest for the Orb.
     0 | D:1      | XanderDroid set off with the following items: a +2 scale
                  | mail, a +0 short sword, a wand of random effects (15), a
                  | ration
     0 | D:1      | Reached XP level 1. HP: 23/23 MP: 2/2
     1 | D:1      | Found a runed door.
   108 | D:1      | Reached XP level 2. HP: 27/29 MP: 3/3
   819 | D:1      | Reached XP level 3. HP: 32/35 MP: 4/4
   893 | D:1      | Reached skill level 1 in Invocations
  1059 | D:2      | Reached skill level 1 in Short Blades
  1059 | D:2      | Reached skill level 1 in Maces & Flails
  1059 | D:2      | Reached skill level 1 in Polearms
  1059 | D:2      | Reached skill level 1 in Staves
  1059 | D:2      | Reached skill level 1 in Slings
  1059 | D:2      | Reached skill level 1 in Bows
  1059 | D:2      | Reached skill level 1 in Crossbows
  1059 | D:2      | Reached skill level 1 in Throwing
  1059 | D:2      | Reached skill level 1 in Stealth
  1059 | D:2      | Reached skill level 1 in Unarmed Combat
  1059 | D:2      | Reached skill level 1 in Spellcasting
  1096 | D:2      | Reached XP level 4. HP: 36/41 MP: 6/6
  1195 | D:2      | Found a hazy altar of Hepliaklqana.
  1259 | D:2      | Learned a level 1 spell: Confusing Touch
  1502 | D:2      | Reached skill level 1 in Conjurations
  1502 | D:2      | Reached skill level 1 in Hexes
  1502 | D:2      | Reached skill level 1 in Charms
  1502 | D:2      | Reached skill level 1 in Summonings
  1502 | D:2      | Reached skill level 1 in Necromancy
  1502 | D:2      | Reached skill level 1 in Translocations
  1502 | D:2      | Reached skill level 1 in Transmutations
  1502 | D:2      | Reached skill level 1 in Fire Magic
  1502 | D:2      | Reached skill level 1 in Ice Magic
  1502 | D:2      | Reached skill level 1 in Air Magic
  1502 | D:2      | Reached skill level 1 in Earth Magic
  1502 | D:2      | Reached skill level 1 in Poison Magic
  1755 | D:2      | Reached XP level 5. HP: 47/47 MP: 7/7
  1909 | D:3      | Noticed an ogre
  2089 | D:2      | HP: 1/47 [orc wizard/+0 dagger (3)]
  2093 | D:2      | Slain by an orc

Vault maps used:
D:1:      dpeg_arrival_caged_fury, serial_park_tiny_1, serial_bayou_ford_a
D:2:      old_standard_altar
D:3:      lemuel_doored_altar, trog_book, uniq_sigmund

Skill      XL: |  1  2  3  4  5 |
---------------+----------------+-----
Invocations    | 1 |  1.6
Short Blades   | 1 |  1.4
Maces & Flails | 1 |  1.4
Polearms       | 1 |  1.4
Staves         | 1 |  1.4
Slings         | 1 |  1.4
Bows           | 1 |  1.4
Crossbows      | 1 |  1.4
Throwing       | 1 |  1.4
Stealth        | 1 |  1.4
Unarmed Combat | 1 |  1.4
Spellcasting   | 1 |  1.4
Conjurations   | 1 |  1.1
Hexes          | 1 |  1.1
Charms         | 1 |  1.1
Summonings     | 1 |  1.1
Necromancy     | 1 |  1.1
Translocations | 1 |  1.1
Transmutations | 1 |  1.1
Fire Magic     | 1 |  1.1
Ice Magic      | 1 |  1.1
Air Magic      | 1 |  1.1
Earth Magic    | 1 |  1.1
Poison Magic   | 1 |  1.1
Long Blades    | 3 |  3.0
Axes           | 3 |  3.0
Dodging        | 3 |  3.0
Shields        | 3 |  3.0
Evocations     | 3 |  3.0
Fighting       | |  6.7
Armour         | |  4.8

Action                   |  1- 3 |  4- 6 || total
-------------------------+-------+-------++-------
Melee: Short sword       |   143 |    56 ||   199
       Bite              |    17 |    13 ||    30
       Spear             |       |    80 ||    80
  Use: Potion            |       |     1 ||     1
  Eat: Chunk             |     1 |     3 ||     4
Armor: Scale mail        |    66 |    86 ||   152
Dodge: Dodged            |    66 |   116 ||   182

Table legend:
 A = Non-vault XP
 B = Vault XP
 C = Vault XP percentage of total XP
 D = Non-vault monster count
 E = Vault monster count
 F = Vault count percentage of total count
                 A         B        C        D         E       F
            +---------+---------+-------+---------+---------+-------
      Total |     196 |      36 |  15.5 |      58 |      10 |  14.7
            +---------+---------+-------+---------+---------+-------
        D:1 |      36 |      36 |  50.0 |      24 |      10 |  29.4
        D:2 |     155 |       0 |   0.0 |      31 |       0 |   0.0
        D:3 |       5 |       0 |   0.0 |       3 |       0 |   0.0
            +---------+---------+-------+---------+---------+-------
